General information
- name: BNet
- type: Ladder team game (AT/RT)
- host: Battle.net
- saver: 4v4_is_serious
map: HurricaneIsle
- players: 8
- length: 17:30
- speed: Fast
- version: 1.26 W3XP
- replay type: Public
» download(107 KB)
Players
team 1 (winner)
Makbema (
blue | 60 APM | 1050 actions | 17:30)
3 Archmage
1 Summon Water Elemental
2 Brilliance Aura
2 Paladin
1 Holy Light
1 Devotion Aura
» actions
| Assign group hotkey | 24 | |
| Basic commands | 81 | |
| Build / train | 70 | |
| ESC pressed | 2 | |
| Enter build submenu | 20 | |
| Enter hero's abilities submenu | 5 | |
| Give item / drop item | 1 | |
| Remove unit from queue | 2 | |
| Right click | 240 | |
| Select / deselect | 268 | |
| Select group hotkey | 196 | |
| Use ability | 141 | |
1050 total
» units
| Peasant | 12 | |
| Goblin Shredder | 2 | |
| Dragonhawk Rider | 1 | |
| Gryphon Rider | 4 | |
19 total
» upgrades
| Masonry | 2 | |
| Lumber Harvesting | 1 | |
| Swords | 3 | |
| Armor | 3 | |
| Animal War Training | 1 | |
| Storm Hammers | 1 | |
| Cloud | 1 | |
12 total
» buildings
| Farm | 12 | |
| Altar of Kings | 1 | |
| Lumber Mill | 1 | |
| Arcane Vault | 1 | |
| Keep | 3 | |
| Castle | 2 | |
| Blacksmith | 2 | |
| Scout Tower | 10 | |
| Guard Tower | 10 | |
| Town Hall | 1 | |
| Gryphon Aviary | 4 | |
| Barracks | 1 | |
48 total
» build order
00:32 Farm
00:37 Altar of Kings
00:44 Farm
01:05 Lumber Mill
01:59 Farm
02:17 Farm
02:42 Arcane Vault
03:07 Keep
03:07 Keep
03:07 Keep
06:26 Castle
06:26 Castle
06:34 Blacksmith
06:34 Blacksmith
07:13 Scout Tower
07:14 Scout Tower
07:15 Scout Tower
07:15 Scout Tower
07:18 Scout Tower
07:21 Scout Tower
07:22 Scout Tower
07:23 Scout Tower
07:52 Guard Tower
08:20 Guard Tower
08:24 Guard Tower
08:24 Guard Tower
08:57 Guard Tower
09:00 Guard Tower
09:19 Guard Tower
09:42 Town Hall
10:28 Gryphon Aviary
10:30 Gryphon Aviary
10:31 Gryphon Aviary
10:33 Gryphon Aviary
11:39 Guard Tower
12:00 Barracks
12:38 Scout Tower
12:40 Scout Tower
15:45 Guard Tower
16:02 Farm
16:07 Farm
16:07 Farm
16:08 Farm
16:08 Farm
16:09 Farm
16:10 Farm
16:10 Farm
» items
| Scroll of Regeneration | 4 | |
| Lesser Clarity Potion | 7 | |
| Ivory Tower | 4 | |
15 total

»
4v4_is_serious (
orange | 47 APM | 823 actions | 17:30)
4 Shadow Hunter
2 Hex
2 Healing Wave
4 Pit Lord
2 Howl of Terror
2 Cleaving Attack
» actions
| Assign group hotkey | 13 | |
| Basic commands | 13 | |
| Build / train | 45 | |
| Enter build submenu | 15 | |
| Enter hero's abilities submenu | 8 | |
| Give item / drop item | 2 | |
| Right click | 314 | |
| Select / deselect | 267 | |
| Select group hotkey | 95 | |
| Use ability | 50 | |
823 total
» units
| Peon | 9 | |
| Troll Headhunter/Berserker | 9 | |
| Goblin Shredder | 1 | |
| Goblin Zeppelin | 1 | |
20 total
» upgrades
| Ranged Weapons | 3 | |
| Armor | 3 | |
| Troll Regeneration | 1 | |
| Berserker Upgrade | 1 | |
8 total
» buildings
| Altar of Storms | 1 | |
| Barracks | 2 | |
| Orc Burrow | 4 | |
| War Mill | 1 | |
| Stronghold | 1 | |
| Voodoo Lounge | 1 | |
| Fortress | 1 | |
| Great Hall | 1 | |
| Watch Tower | 4 | |
16 total
» build order
00:20 Altar of Storms
00:25 Barracks
00:32 Orc Burrow
01:41 Barracks
02:18 Orc Burrow
02:54 War Mill
03:19 Orc Burrow
04:02 Orc Burrow
04:23 Stronghold
07:12 Voodoo Lounge
08:29 Fortress
09:46 Great Hall
10:15 Watch Tower
10:20 Watch Tower
10:26 Watch Tower
11:10 Watch Tower
» items
| Healing Salve | 1 | |
| Lesser Clarity Potion | 1 | |
| Scroll of Town Portal | 1 | |
| Orb of Lightning | 1 | |
| Potion of Healing | 1 | |
5 total
chow-DAH (
teal | 55 APM | 955 actions | 17:30)
3 Blademaster
1 Wind Walk
2 Critical Strike
2 Shadow Hunter
1 Healing Wave
1 Serpent Ward
» actions
| Assign group hotkey | 13 | |
| Basic commands | 94 | |
| Build / train | 62 | |
| Enter build submenu | 14 | |
| Enter hero's abilities submenu | 5 | |
| Give item / drop item | 6 | |
| Remove unit from queue | 10 | |
| Right click | 226 | |
| Select / deselect | 126 | |
| Select group hotkey | 322 | |
| Use ability | 77 | |
955 total
» units
| Peon | 8 | |
| Troll Batrider | 21 | |
| Goblin Zeppelin | 1 | |
| Goblin Shredder | 1 | |
31 total
» upgrades
» buildings
| Altar of Storms | 1 | |
| Orc Burrow | 6 | |
| Voodoo Lounge | 1 | |
| Stronghold | 1 | |
| Beastiary | 3 | |
| Fortress | 1 | |
| Great Hall | 1 | |
| War Mill | 1 | |
15 total
» build order
00:17 Altar of Storms
00:33 Orc Burrow
01:43 Voodoo Lounge
02:13 Stronghold
03:40 Orc Burrow
05:22 Beastiary
05:34 Beastiary
05:50 Orc Burrow
05:54 Orc Burrow
06:00 Fortress
09:54 Great Hall
10:06 Orc Burrow
10:07 Orc Burrow
10:19 Beastiary
17:18 War Mill
» items
| Healing Salve | 3 | |
| Lesser Clarity Potion | 7 | |
| Orb of Lightning | 1 | |
11 total

»
bluntheadzbbt (
green | 38 APM | 673 actions | 17:30)
4 Warden
2 Fan of Knives
2 Shadow Strike
3 Beastmaster
2 Summon Quilbeast
1 Summon Bear
» actions
| Build / train | 46 | |
| Enter build submenu | 17 | |
| Enter hero's abilities submenu | 6 | |
| Give item / drop item | 8 | |
| Remove unit from queue | 2 | |
| Right click | 301 | |
| Select / deselect | 243 | |
| Use ability | 50 | |
673 total
» units
| Wisp | 13 | |
| Huntress | 4 | |
| Goblin Zeppelin | 1 | |
| Hippogryph | 3 | |
| Chimaera | 6 | |
27 total
» upgrades
| Strength of the Wild | 1 | |
| Hippogryph Taming | 1 | |
| Corrosive Breath | 1 | |
3 total
» buildings
| Moon Well | 6 | |
| Altar of Elders | 1 | |
| Hunter's Hall | 1 | |
| Ancient of War | 1 | |
| Tree of Ages | 1 | |
| Ancient Protector | 2 | |
| Ancient of Wonders | 1 | |
| Ancient of Wind | 2 | |
| Tree of Eternity | 1 | |
| Chimaera Roost | 2 | |
| Tree of Life | 1 | |
19 total
» build order
00:10 Moon Well
00:17 Altar of Elders
01:16 Hunter's Hall
02:06 Ancient of War
02:21 Moon Well
03:36 Moon Well
04:20 Tree of Ages
04:39 Ancient Protector
04:56 Ancient of Wonders
06:54 Ancient of Wind
06:57 Ancient of Wind
08:14 Tree of Eternity
08:24 Moon Well
09:31 Moon Well
10:46 Chimaera Roost
10:50 Chimaera Roost
10:59 Tree of Life
12:49 Ancient Protector
16:13 Moon Well
» items
| Slippers of Agility +3 | 1 | |
| Claws of Attack +9 | 1 | |
| Boots of Speed | 1 | |
3 total
team 2 (loser)
lucyfer (
pink | 29 APM | 442 actions | 15:23)
3 Blademaster
2 Critical Strike
1 Wind Walk
» actions
| Build / train | 30 | |
| Enter build submenu | 16 | |
| Enter hero's abilities submenu | 4 | |
| Right click | 193 | |
| Select / deselect | 177 | |
| Use ability | 22 | |
442 total
» units
| Peon | 10 | |
| Grunt | 6 | |
| Troll Headhunter/Berserker | 2 | |
| Goblin Zeppelin | 1 | |
| Wind Rider | 5 | |
24 total
» upgrades
» buildings
| Orc Burrow | 5 | |
| Altar of Storms | 1 | |
| War Mill | 1 | |
| Barracks | 1 | |
| Watch Tower | 1 | |
| Stronghold | 1 | |
| Beastiary | 2 | |
| Great Hall | 1 | |
13 total
» build order
00:13 Orc Burrow
00:30 Altar of Storms
00:46 Orc Burrow
01:16 War Mill
01:38 Barracks
02:03 Orc Burrow
02:58 Watch Tower
04:31 Orc Burrow
06:01 Stronghold
09:20 Beastiary
09:44 Great Hall
11:51 Beastiary
13:04 Orc Burrow
Coatspin (
yellow | 61 APM | 1059 actions | 17:29)
4 Archmage
2 Blizzard
2 Brilliance Aura
» actions
| Assign group hotkey | 72 | |
| Basic commands | 37 | |
| Build / train | 72 | |
| ESC pressed | 1 | |
| Enter build submenu | 27 | |
| Enter hero's abilities submenu | 4 | |
| Give item / drop item | 3 | |
| Remove unit from queue | 1 | |
| Right click | 403 | |
| Select / deselect | 156 | |
| Select group hotkey | 192 | |
| Use ability | 91 | |
1059 total
» units
| Peasant | 8 | |
| Footman | 5 | |
| Goblin Shredder | 2 | |
| Goblin Zeppelin | 7 | |
| Siege Engine | 8 | |
30 total
» upgrades
| Gunpowder | 3 | |
| Plating | 2 | |
| Masonry | 3 | |
| Barrage | 1 | |
| Lumber Harvesting | 1 | |
10 total
» buildings
| Altar of Kings | 1 | |
| Farm | 11 | |
| Barracks | 1 | |
| Lumber Mill | 1 | |
| Blacksmith | 1 | |
| Arcane Vault | 2 | |
| Keep | 1 | |
| Workshop | 4 | |
| Town Hall | 1 | |
| Scout Tower | 10 | |
| Guard Tower | 5 | |
| Castle | 1 | |
| Arcane Tower | 3 | |
| Voodoo Lounge | 1 | |
| Fortress | 1 | |
44 total
» build order
00:24 Altar of Kings
00:40 Farm
00:51 Barracks
01:17 Farm
01:22 Lumber Mill
01:41 Farm
02:31 Blacksmith
03:00 Arcane Vault
03:04 Arcane Vault
03:11 Keep
03:58 Farm
04:01 Farm
06:18 Workshop
06:27 Town Hall
06:29 Scout Tower
06:29 Scout Tower
06:30 Scout Tower
06:31 Scout Tower
06:31 Scout Tower
06:32 Scout Tower
06:55 Scout Tower
06:56 Scout Tower
06:57 Scout Tower
06:57 Scout Tower
07:37 Guard Tower
07:52 Guard Tower
07:53 Guard Tower
08:22 Castle
08:24 Arcane Tower
08:30 Guard Tower
08:33 Arcane Tower
08:33 Arcane Tower
09:00 Guard Tower
09:04 Workshop
09:30 Workshop
11:43 Workshop
13:02 Farm
13:02 Farm
13:03 Farm
13:04 Farm
13:05 Farm
13:05 Farm
16:09 Voodoo Lounge
17:10 Fortress
» items
| Scroll of Regeneration | 2 | |
| Lesser Clarity Potion | 1 | |
| Potion of Healing | 3 | |
| Ivory Tower | 2 | |
| Orb of Fire | 1 | |
| Staff of Sanctuary | 2 | |
| Staff of Teleportation | 1 | |
| Healing Salve | 1 | |
| Scroll of Town Portal | 1 | |
14 total
Thralls (
purple | 18 APM | 295 actions | 16:50)
1 Lich
1 Dark Ritual
» actions
| Basic commands | 3 | |
| Build / train | 39 | |
| Enter build submenu | 19 | |
| Enter hero's abilities submenu | 1 | |
| Remove unit from queue | 3 | |
| Right click | 101 | |
| Select / deselect | 116 | |
| Use ability | 13 | |
295 total
» units
| Acolyte | 3 | |
| Ghoul | 6 | |
| Crypt Fiend | 2 | |
| Gargoyle | 17 | |
28 total
» upgrades
| Necromancer Training | 1 | |
| Skeletal Longevity | 1 | |
2 total
» buildings
| Crypt | 2 | |
| Altar of Darkness | 1 | |
| Ziggurat | 5 | |
| Graveyard | 1 | |
| Halls of the Dead | 1 | |
| Temple of the Damned | 1 | |
| Spirit Tower | 2 | |
| Black Citadel | 1 | |
| Slaughterhouse | 1 | |
| Necropolis | 1 | |
16 total
» build order
00:11 Crypt
00:15 Altar of Darkness
00:20 Ziggurat
01:15 Graveyard
03:40 Halls of the Dead
04:35 Ziggurat
04:44 Ziggurat
04:51 Ziggurat
04:56 Ziggurat
07:39 Temple of the Damned
10:05 Spirit Tower
10:54 Crypt
13:11 Black Citadel
13:25 Spirit Tower
13:38 Slaughterhouse
16:14 Necropolis
APizzle (
red | 49 APM | 806 actions | 16:21)
4 Demon Hunter
2 Immolation
2 Evasion
3 Priestess of the Moon
2 Trueshot Aura
1 Searing Arrows
» actions
| Assign group hotkey | 18 | |
| Basic commands | 20 | |
| Build / train | 60 | |
| Enter build submenu | 18 | |
| Enter hero's abilities submenu | 7 | |
| Give item / drop item | 2 | |
| Remove unit from queue | 1 | |
| Right click | 281 | |
| Select / deselect | 338 | |
| Select group hotkey | 13 | |
| Use ability | 48 | |
806 total
» units
| Wisp | 17 | |
| Archer | 14 | |
| Goblin Zeppelin | 1 | |
| Hippogryph | 10 | |
42 total
» upgrades
| Strength of the Moon | 1 | |
| Moon Armor | 1 | |
| Hippogryph Taming | 1 | |
| Druid of the Talon Training | 1 | |
| Improved Bows | 1 | |
5 total
» buildings
| Altar of Elders | 1 | |
| Ancient of War | 2 | |
| Moon Well | 6 | |
| Hunter's Hall | 1 | |
| Tree of Ages | 1 | |
| Ancient of Wonders | 1 | |
| Ancient of Wind | 1 | |
| Tree of Life | 2 | |
| Ancient Protector | 2 | |
| Tree of Eternity | 1 | |
18 total
» build order
00:23 Altar of Elders
00:29 Ancient of War
00:35 Moon Well
01:41 Moon Well
02:24 Hunter's Hall
03:28 Tree of Ages
03:46 Moon Well
04:41 Ancient of War
04:51 Ancient of Wonders
05:58 Ancient of Wind
06:40 Tree of Life
07:24 Moon Well
09:26 Moon Well
10:20 Moon Well
11:40 Tree of Life
11:52 Ancient Protector
11:56 Ancient Protector
14:02 Tree of Eternity
» items
| Scroll of Healing | 1 | |
| Scroll of Town Portal | 1 | |
2 total
Chat log
(00:03 / All) 4v4_is_serious: Lol
(00:04 / All) Coatspin: zomg
(00:05 / All) 4v4_is_serious: Ok
(00:07 / All) Coatspin: hurricanes!
(00:09 / All) 4v4_is_serious: You were asking for that
(00:10 / All) 4v4_is_serious: lol
(00:11 / All) Coatspin: HURRRRRRRRRRRRRICANES
(00:19 / Allies) bluntheadzbbt: hmm
(00:21 / All) Coatspin: HURRRRRRRRRRRRICAAAAAAAAAAAAAAAAAAAAAANES
(00:22 / Allies) bluntheadzbbt: mass hypo here
(00:35 / Allies) bluntheadzbbt: n chym
(00:35 / All) Coatspin: btw pies hurricanes is the rugby 7's team in my city
(00:38 / Allies) bluntheadzbbt: fast tech to
(00:43 / All) Coatspin: just fyi
(00:45 / All) 4v4_is_serious: ok
(01:00 / All) Coatspin: im amazed we haven't had any shipjumpers yet, lol
(01:02 / All) bluntheadzbbt: i wont suck ur dick mom
(07:45 / Allies) bluntheadzbbt: -,
(10:22 / Allies) bluntheadzbbt: lol
(11:19 / Allies) bluntheadzbbt: f
(11:21 / Allies) bluntheadzbbt: help
(11:22 / Allies) bluntheadzbbt: pls
(11:33 / Allies) 4v4_is_serious: uh
(11:34 / Allies) 4v4_is_serious: No.
(11:37 / Allies) bluntheadzbbt: ?
(11:40 / Allies) bluntheadzbbt: you wnat to lose
(11:41 / Allies) bluntheadzbbt: ok
(11:42 / Allies) 4v4_is_serious: If you're going to willfully make absolutely nothing to attack ground
(11:43 / Allies) bluntheadzbbt: asshole
(11:45 / Allies) 4v4_is_serious: you don't deserve to win
(11:53 / Allies) bluntheadzbbt: lol
(11:54 / Allies) bluntheadzbbt: stfu
(12:03 / Allies) 4v4_is_serious: 10-18
(12:53 / Allies) bluntheadzbbt: lumber pls
(13:03 / Allies) bluntheadzbbt: ty
(13:05 / Allies) 4v4_is_serious: put more than three wisps on wood and get a shredder
(15:59 / All) 4v4_is_serious: Bout time
(16:14 / All) Coatspin: dumb pink never made a shop
(16:16 / All) Coatspin: Or did you kill it?
(16:20 / All) 4v4_is_serious: Don't think I did
(16:33 / All) Coatspin: lol zero talk in my team all game
(16:41 / All) Coatspin: then he bitches at me for "lack of teamwork"
(16:43 / All) Coatspin: hahahahaha
(16:56 / Allies) chow-DAH: lets hit red
(16:57 / Allies) 4v4_is_serious: You're goddamn welcome
(16:59 / All) Coatspin: ugh
(17:05 / All) Coatspin: here i was hoping to enjoy a game on this map
(17:11 / All) bluntheadzbbt: gg
(17:13 / Allies) 4v4_is_serious: And stop with those fuggin drugs they'll turn your mind to mush, ya hear?
(17:24 / All) bluntheadzbbt: jsut cocane